 Dungeon Crawl Stone Soup version bcrawl-1.20 (webtiles) character file.

Game seed: 16649177954619776355

158 Mrkan the Covered (level 5, -4/33 HPs)
             Began as a Gargoyle Fighter on Jan 21, 2020.
             Killed by divine providence
             ... invoked by an orc priest
              (15 damage)
             ... on level 2 of the Dungeon.
             The game lasted 00:02:14 (1958 turns).

Mrkan the Covered (Gargoyle Fighter)                Turns: 1958, Time: 00:02:15

Health: -4/33      AC: 14    Str: 21    XL:     5   Next: 39%
Magic:  5/5        EV:  7    Int:  8    God:
Gold:   104        SH:  9    Dex:  9    Spells: 4/4 levels left

rFire    . . .     SeeInvis .   a - +0 flail
rCold    . . .     Gourm    .   c - +0 shield
rNeg     + . .     Faith    .   b - +0 scale mail
rPois    ∞         Spirit   .   f - +2 hat
rElec    +         Reflect  .   (no cloak)
rCorr    .         Harm     .   q - +0 pair of gloves (curse)
MR       .....                  (no boots)
Stlth    ..........             (no amulet)
HPRegen  0.11/turn              (no ring)
MPRegen  0.09/turn              (no ring)

@: no status effects
A: negative energy resistance 1, electricity resistance, unbreathing,
petrification resistance, rot immunity, AC +4
a: no special abilities


You were on level 2 of the Dungeon.
You were not hungry.

You visited 1 branch of the dungeon, and saw 2 of its levels.

You collected 104 gold pieces.

Inventory:

Hand Weapons
 a - a +0 flail (weapon)
Armour
 b - a +0 scale mail (worn)
 c - a +0 shield (worn)
 f - a +2 hat (worn)
 q - a cursed +0 pair of gloves (worn)
Jewellery
 k - an uncursed ring of wizardry {unknown}
Scrolls
 d - a scroll of blinking {unknown}
 g - a scroll of identify {unknown}
 m - a scroll of teleportation {unknown}
 n - a scroll of remove curse {unknown}
 o - 2 scrolls of immolation {unknown}
Potions
 h - a potion of degeneration {unknown}
 i - 2 potions of ambrosia {unknown}
 j - a potion of heal wounds {unknown}
 l - 2 potions of haste {unknown}
Comestibles
 e - 5 rations {!d}
 p - a chunk of flesh


   Skills:
 + Level 4.0 Fighting
 * Level 3.7 Maces & Flails
 + Level 4.1 Armour
 + Level 4.1 Shields


You had 4 spell levels left.
You didn't know any spells.
Your spell library was empty.

Dungeon Overview and Level Annotations

Branches:
Dungeon (2/12)

Altars:
Cheibriados


Innate Abilities, Weirdness & Mutations

You are resistant to torment.
Your stone body is resilient. (AC +4)
You are immune to poison.
You resist negative energy. (rN+)
You are resistant to electric shocks. (rElec)
You can survive without breathing.
You are immune to petrification.
You are immune to rotting.


Message History

There are monsters nearby!
An orc priest comes into view. It is wielding a +0 flail.
The orc priest shouts!
You hear a shout! 2 orcs come into view.
The orc shouts!
You barely miss the orc. You block the orc's attack.
Your shield prevents you from hitting the orc.
The orc closely misses you.
The orc priest invokes the aid of Beogh against you.
Beogh smites you! You block the orc's attack.
You completely miss the orc. The orc hits you but does no damage.
You closely miss the orc. The orc barely misses you.
The orc priest calls down the wrath of Beogh upon you.
Beogh smites you!
You barely miss the orc. You block the orc's attack.
The orc hits you but does no damage.
You completely miss the orc.
The orc priest mumbles some strange prayers to Beogh against you.
Beogh smites you!
You die...

##########.
#..@ooo.oo.
#$########.
#.# #.#
######.###
#........#
#.......[#
#........#
#........#


You could see an orc priest and 4 orcs.

Vanquished Creatures
  A crimson imp (D:2)
  A jelly (D:2)
  3 gnolls (D:2)
  An adder (D:2)
  3 worms
  3 dart slugs
  3 leopard geckos
  7 bats
  A giant cockroach (D:1)
  A goblin (D:1)
  6 hobgoblins
  2 kobolds
  5 frilled lizards
  5 rats
42 creatures vanquished.

Notes
Turn   | Place    | Note
-------+----------+-------------------------------------------
     0 | D:1      | Mrkan the Gargoyle Fighter began the quest for the Orb.
     0 | D:1      | Reached XP level 1. HP: 14/14 MP: 1/1
   153 | D:1      | Reached XP level 2. HP: 19/19 MP: 2/2
  1098 | D:2      | Reached XP level 3. HP: 23/23 MP: 3/3
  1192 | D:2      | Found a snail-covered altar of Cheibriados.
  1227 | D:2      | Reached XP level 4. HP: 21/29 MP: 4/4
  1843 | D:2      | Reached XP level 5. HP: 33/33 MP: 5/5
  1958 | D:2      | Killed from afar by an orc priest

Skill      XL: |  1  2  3  4 |
---------------+-------------+-----
Maces & Flails | 3 |  3.7
Shields        | 4 |  4.1
Armour         | 4 |  4.1
Fighting       | 4 |  4.0

Action                   |  1- 3 |  4- 6 || total
-------------------------+-------+-------++-------
Melee: Flail             |   101 |    78 ||   179
  Use: Potion            |       |     1 ||     1
  Eat: Chunk             |     1 |     3 ||     4
Armor: Scale mail        |    41 |    35 ||    76
Dodge: Dodged            |    28 |    22 ||    50
Block: Shield            |    56 |    55 ||   111
